 Dungeon Crawl Stone Soup version 0.28.0-53-g5a82cb258f (webtiles) character file.

Game seed: 2106482957059234052

104 DildoBatman the Conjurer (level 5, 0/35 HPs)
             Began as a Formicid Conjurer on June 18, 2022.
             Slain by an orc
             ... wielding a +0 hand axe
              (3 damage)
             ... on level 4 of the Dungeon.
             The game lasted 00:03:17 (1443 turns).

DildoBatman the Conjurer (Formicid Conjurer)        Turns: 1443, Time: 00:03:17

Health: 0/35       AC:  2    Str: 12    XL:     5   Next: 7%
Magic:  2/8        EV: 12    Int: 17    God:
Gold:   124        SH:  0    Dex: 11    Spells: 5/8 levels left

rFire   . . .      SeeInvis +   a - +1 dagger (venom)
rCold   . . .      Faith    .   (no shield)
rNeg    . . .      Spirit   .   o - +0 robe
rPois   .          Reflect  .   (helmet unavailable)
rElec   .          Harm     .   (no cloak)
rCorr   .          Rampage  .   (no gloves)
Will    .....                   (no boots)
Stlth   ++........              (no amulet)
HPRegen 0.11/turn               (no ring)
MPRegen 0.11/turn               (no ring)

@: no status effects
A: permanent stasis, dig shafts and tunnels, antennae 3, four strong arms
a: Dig, Shaft Self


You were on level 4 of the Dungeon.
You visited 1 branch of the dungeon, and saw 4 of its levels.

You collected 144 gold pieces.
You spent 20 gold pieces at shops.

Inventory:

Hand Weapons
 a - a +1 dagger of venom (weapon)
 g - a +0 mace
Missiles
 d - 61 stones
 f - 62 arrows
 i - 10 sling bullets
 k - 6 poisoned darts
Armour
 o - a +0 robe (worn)
Magical Staves
 m - a staff of fire
Scrolls
 b - a scroll of silence {unknown}
 e - 2 scrolls of blinking {unknown}
 h - 4 scrolls of identify
 j - a scroll of enchant armour {unknown}
 l - a scroll of vulnerability {unknown}
 n - 3 scrolls of teleportation {unknown}
 p - a scroll of immolation {unknown}
 q - a scroll of magic mapping {unknown}
Potions
 c - 2 potions of ambrosia {unknown}
 r - a potion of lignification {unknown}


   Skills:
 - Level 1.7 Dodging
 - Level 2.4 Stealth
 - Level 2.1 Spellcasting
 * Level 5.4 Conjurations


You had 5 spell levels left.
You knew the following spells:

 Your Spells              Type           Power      Damage    Failure   Level
a - Searing Ray           Conj           40%        2d5       3%          2
c - Magic Dart            Conj           80%        1d7       1%          1

Your spell library contained the following spells:

 Spells                   Type           Power      Damage    Failure   Level
 Dazzling Flash           Conj/Hex       22%        N/A       19%         3
 Gell's Gravitas          Tloc           1%         N/A       50%         3
 Lesser Beckoning         Tloc           1%         N/A       50%         3
 Teleport Other           Tloc           1%         N/A       50%         3
 Fulminant Prism          Conj/Hex       5%         3d7       52%         4
 Iskenderun's Mystic Bla  Conj/Tloc      11%        2d4       52%         4


Dungeon Overview and Level Annotations

Branches:
Dungeon (3/15)

Altars:

Shops:
D:3 *

Annotations:
D:2 exclusion: 2 sensed monsters (detected), Terence


Innate Abilities, Weirdness & Mutations

You cannot be hasted, slowed, berserked, paralysed or teleported.
You can dig through walls and to a lower floor.
You have a pair of large antennae on your head. (SInv)
Your four strong arms can wield two-handed weapons with a shield.


Message History

g - Guard the area. f - Follow me.
Anything else - Cancel.
You shout for attention!
What are your orders? t - Shout!
Orders for allies: a - Attack new target. r - Retreat! s - Stop attacking. g - Guard the area. f - Follow me.
Anything else - Cancel.
You shout for attention!
The orc barely misses you.
The orc throws a boomerang.
The boomerang hits you. What are your orders? t - Shout!
Orders for allies: a - Attack new target. r - Retreat! s - Stop attacking. g - Guard the area. f - Follow me.
Anything else - Cancel.
You shout for attention!
The orc hits you with a +0 hand axe. What are your orders? t - Shout!
Orders for allies: a - Attack new target. r - Retreat! s - Stop attacking. g - Guard the area. f - Follow me.
Anything else - Cancel.
You shout for attention!
The orc hits you with a +0 hand axe. What are your orders? t - Shout!
Orders for allies: a - Attack new target. r - Retreat! s - Stop attacking. g - Guard the area. f - Follow me.
Anything else - Cancel.
You shout for attention!
You hear an angry hiss.
An orc comes into view. It is wielding a +0 hand axe.
The orc hits you with a +0 hand axe.
You die...

# .#
#.
#.##
#..#
#..#
#o@#
#..#
#.o#
#oo#
#o.#
#..#
#..o
##..


You could see an orc wizard (invisible) and 5 orcs.

Vanquished Creatures
  2 orc priests (D:3)
  4 dart slugs
  2 orcs
  3 bats
  3 endoplasms
  2 giant cockroaches
  3 goblins
  4 quokkas
  3 ball pythons
  2 frilled lizards
  4 kobolds (D:2)
  3 rats
35 creatures vanquished.

Notes
Turn   | Place    | Note
-------+----------+-------------------------------------------
     0 | D:1      | DildoBatman the Formicid Conjurer began the quest for the
                  | Orb.
     0 | D:1      | Reached XP level 1. HP: 13/13 MP: 3/3
   182 | D:1      | Reached XP level 2. HP: 19/19 MP: 3/5
   185 | D:1      | Learned a level 2 spell: Searing Ray
   188 | D:1      | Found a faded altar of an unknown god.
   236 | D:1      | Reached skill level 4 in Conjurations
   594 | D:2      | Reached XP level 3. HP: 24/24 MP: 6/6
   642 | D:2      | Noticed Terence
  1343 | D:3      | Found Papsac's General Store.
  1352 | D:3      | Bought a scroll of identify for 20 gold pieces
  1422 | D:3      | Reached skill level 5 in Conjurations
  1422 | D:3      | Reached XP level 4. HP: 28/30 MP: 1/7
  1428 | D:3      | Reached XP level 5. HP: 14/35 MP: 0/8
  1430 | D:3      | You fall into a shaft and drop 1 floor!
  1443 | D:4      | Slain by an orc

Illustrated notes

Levels and vault maps discovered:
D:1:      co_arrival_square_in_a_square_in_a_square, layout_basic,
          ebering_ecumenical_altar_hall
D:2:      layout_loops_ring, uniq_terence
D:3:      layout_loops_ring, serial_shops, nicolae_square_shop,
          serial_park_tiny_2, chequers_avenue, uniq_ijyb
D:4:      layout_layer_cave, serial_shops, nicolae_shop_waterfront,
          supply_closet_lemuel, uniq_robin

Skill      XL: |  1  2  3 |
---------------+----------+-----
Conjurations   | 4 5 |  5.4
Dodging        | |  1.7
Stealth        | |  2.4
Spellcasting   | |  2.1

Action                   |  1- 3 |  4- 6 || total
-------------------------+-------+-------++-------
Melee: Mace              |    22 |       ||    22
       Dagger            |    26 |     4 ||    30
 Cast: Magic Dart        |    26 |       ||    26
       Searing Ray       |     3 |       ||     3
 Abil: Shaft Self        |       |     1 ||     1
 Stab: Sleeping          |     4 |       ||     4
Armor: Robe              |     8 |     1 ||     9
Dodge: Dodged            |    36 |     3 ||    39
